 Dungeon Crawl Stone Soup version 0.16.2-12-gd0ad4c3 (webtiles) character file.

39 CuntPokingMan the Shield-Bearer (level 3, -3/26 HPs)
             Began as an Octopode Fighter on Sept 10, 2015.
             Slain by a hobgoblin
             ... wielding a +0 club
              (4 damage)
             ... on level 2 of the Dungeon.
             The game lasted 00:03:06 (586 turns).

CuntPokingMan the Shield-Bearer (Octopode Fighter)   Turns: 586, Time: 00:03:06

Health: -3/26      AC:  1    Str: 15    XL:     3   Next: 45%
Magic:  3/3        EV: 10    Int: 10    God:
Gold:   7          SH:  8    Dex: 12    Spells: 0 memorised, 2 levels left

rFire  . . .     SeeInvis .     a - +0 long sword
rCold  . . .     Clarity  .     c - +0 shield
rNeg   . . .     SustAb   .     (helmet restricted)
rPois  .         Gourm    .     (no amulet)
rElec  .         Spirit   .     (no ring)
rCorr  .         Warding  .     (no ring)
rMut   .         Stasis   .     (no ring)
MR     .....                    (no ring)
Stlth  ++........               (no ring)
                                (no ring)
                                (no ring)
                                (no ring)

@: not resistant to hostile enchantments, unstealthy
A: almost no armour, amphibious, 8 rings, constrict 8, camouflage 1, gelatinous
body 1
a: no special abilities


You were on level 2 of the Dungeon.
You were not hungry.

You visited 1 branch of the dungeon, and saw 2 of its levels.

You collected 7 gold pieces.

Inventory:

Hand weapons
 a - a +0 long sword (weapon)
Armour
 c - a +0 shield (worn)
 g - a +0 crystal plate armour
Jewellery
 f - an uncursed ring of sustain abilities {unknown}
Potions
 e - 2 potions of might
 i - a potion of curing
Comestibles
 b - a meat ration
 d - a bread ration


   Skills:
 - Level 3.0 Fighting
 - Level 2.0 Long Blades
 - Level 3.0 Dodging
 - Level 3.0 Shields
 * Level 3.0 Unarmed Combat


You had 2 spell levels left.
You didn't know any spells.

Dungeon Overview and Level Annotations

Branches:
Dungeon (2/15)

Altars:
Ru


Innate Abilities, Weirdness & Mutations

You cannot wear most types of armour.
You are amphibious.
You can wear up to eight rings at the same time.
You can use your tentacles to constrict many enemies at once.
Your skin changes colour to match your surroundings (Stealth).
Your rubbery body absorbs attacks (AC +1).


Message History

* * * LOW HITPOINT WARNING * * *
The hobgoblin hits you with a club.
* * * LOW HITPOINT WARNING * * *
You block the orc wizard's attack. The goblin closely misses you.
The hobgoblin closely misses you.
Unknown command.
You hit the orc wizard.
You kill the orc wizard!
You have reached level 3!
Your experience leads to an increase in your attributes!
Increase (S)trength, (I)ntelligence, or (D)exterity?
You feel agile. The hobgoblin closely misses you.
You closely miss the goblin. Your grab misses the goblin.
The goblin hits you but does no damage. You block the hobgoblin's attack.
You slash the goblin!
You kill the goblin!
Your Unarmed Combat skill increases to level 3!
The hobgoblin hits you with a club.
You die...

***,,,,,,,,,,,*#..#.#<.#
*,,,,,**,,,,,,*#..#.##.# *
*,,,,,**,,,...*#..#....# *
*,,+#######+..##..######
**********,,#...#...#............
+,,,,,,,,,,,#...#...#....>..#####
**********,,#.......#...#...#
,,,,,,,,,,,,###g_.#####*#...#
************#..)@...#####...###
*,#...#.).#.........#
*,#...#...#.........#
*,+#######'.........#
*,..................#
*,*#[.............###
*,,.......#.###...#
***#...(..#..*#...#
*#...####.##...#


You could see a hobgoblin.

Vanquished Creatures
  An orc wizard (D:2)
  A ball python (D:1)
  4 goblins
  2 hobgoblins
  A bat (D:1)
  2 giant newts (D:1)
  3 kobolds (D:1)
  2 rats (D:1)
  A toadstool (D:1)
17 creatures vanquished.

Vanquished Creatures (others)
  4 toadstools (D:1)
4 creatures vanquished.

Grand Total: 21 creatures vanquished

Notes
Turn   | Place    | Note
--------------------------------------------------------------
     0 | D:1      | CuntPokingMan, the Octopode Fighter, began the quest for the Orb.
     0 | D:1      | Reached XP level 1. HP: 16/16 MP: 1/1
   102 | D:1      | Reached skill level 1 in Unarmed Combat
   177 | D:1      | Reached XP level 2. HP: 18/21 MP: 2/2
   572 | D:2      | Found a sacrificial altar of Ru.
   583 | D:2      | HP: 1/21 [hobgoblin/club (1)]
   584 | D:2      | Reached XP level 3. HP: 1/26 MP: 3/3
   586 | D:2      | Slain by a hobgoblin

Action                   || total
-------------------------++-------
Melee: Long sword        ||    29
  Use: Scroll            ||     4
       Potion            ||     1
 Stab: Sleeping          ||     1
